 Dungeon Crawl Stone Soup version 0.28-a0-1387-g3a22ab9bdc (webtiles) character file.

Game seed: 9527764765343900442

240 ragingrage the Quickloader (level 6, 0/42 (44) HPs)
             Began as a Gnoll Wanderer on Jan 2, 2022.
             Slain by Grinder (3 damage)
             ... while paralysed by Grinder
             ... on level 3 of the Dungeon.
             The game lasted 00:06:30 (4018 turns).

ragingrage the Quickloader (Gnoll Wanderer)         Turns: 4018, Time: 00:06:31

HP:   0/42 (44)     AC:  7    Str: 11    XL:     6   Next: 8%
MP:   11/11         EV:  2    Int: 12    God:
Gold: 119           SH:  0    Dex: 13    Spells: 10/11 levels left

rFire   . . .      SeeInvis .   b - +0 dagger (venom)
rCold   . . .      Faith    .   (no shield)
rNeg    . . .      Spirit   .   e - +0 robe
rPois   .          Reflect  .   (no helmet)
rElec   .          Harm     .   c - +0 cloak
rCorr   .          Rampage  .   (no gloves)
Will    .....                   (no boots)
Stlth   ++........              (no amulet)
HPRegen 0.14/turn               w - +4 ring of protection
MPRegen 0.12/turn               (no ring)

@: paralysed, lightly drained
A: fangs 1, strong nose, distributed training
a: no special abilities


You were on level 3 of the Dungeon.
You visited 1 branch of the dungeon, and saw 3 of its levels.
You also visited: Sewer.

You collected 119 gold pieces.

Inventory:

Hand Weapons
 a - a +2 hand crossbow
 b - a +0 dagger of venom (weapon)
Missiles
 d - 177 stones (quivered)
 i - 2 throwing nets
 r - 9 bolts
Armour
 c - a +0 cloak (worn)
 e - a +0 robe (worn)
Jewellery
 w - a +4 ring of protection (left hand)
Wands
 x - a wand of charming (10)
Scrolls
 f - 2 scrolls of teleportation {unknown}
 g - 4 scrolls of silence {unknown}
 h - 3 scrolls of fog {unknown}
 j - a scroll of brand weapon {unknown}
 k - 4 scrolls of fear {unknown}
 l - 2 scrolls of blinking {unknown}
 m - 2 scrolls of immolation {unknown}
 s - 4 scrolls of identify {unknown}
Potions
 n - a potion of might
 o - 2 potions of degeneration {unknown}
 p - 3 potions of heal wounds {unknown}
 q - 2 potions of brilliance {unknown}
 t - a potion of flight {unknown}
 u - 2 potions of cancellation {unknown}
 v - a potion of mutation {unknown}
 z - a potion of experience {unknown}
 A - a potion of haste {unknown}
 B - a potion of curing


   Skills:
 + Level 1.8 Fighting
 + Level 1.8 Short Blades
 + Level 1.8 Long Blades
 + Level 1.8 Axes
 + Level 1.8 Maces & Flails
 + Level 1.8 Polearms
 + Level 1.8 Staves
 + Level 1.8 Slings
 + Level 1.8 Bows
 + Level 10.6 Crossbows
 + Level 1.8 Throwing
 + Level 3.1 Armour
 + Level 4.9 Dodging
 + Level 1.8 Stealth
 + Level 1.8 Shields
 + Level 1.8 Unarmed Combat
 + Level 3.3 Spellcasting
 + Level 1.4 Conjurations
 + Level 1.4 Hexes
 + Level 1.4 Summonings
 + Level 1.4 Necromancy
 + Level 1.4 Translocations
 + Level 1.4 Transmutations
 + Level 1.4 Fire Magic
 + Level 1.4 Ice Magic
 + Level 1.4 Air Magic
 + Level 2.5 Earth Magic
 + Level 1.4 Poison Magic
 + Level 2.0 Invocations
 + Level 1.8 Evocations


You had 10 spell levels left.
You knew the following spells:

 Your Spells              Type           Power      Damage    Failure   Level
a - Sandblast             Erth           16%        2d6       9%          1

Your spell library contained the following spells:

 Spells                   Type           Power      Damage    Failure   Level
 Summon Small Mammal      Summ           20%        N/A       13%         1
 Passwall                 Tmut/Erth      5%         N/A       16%         2
 Ensorcelled Hibernation  Hex/Ice        10%        N/A       21%         2
 Sublimation of Blood     Necr           5%         N/A       21%         2
 Stone Arrow              Conj/Erth      12%        3d7       32%         3
 Call Canine Familiar     Summ           5%         N/A       36%         3
 Ozocubu's Armour         Ice            5%         N/A       36%         3
 Spider Form              Tmut/Pois      5%         N/A       36%         3
 Summon Guardian Golem    Hex/Summ       5%         N/A       36%         3
 Swiftness                Air            5%         N/A       36%         3
 Petrify                  Tmut/Erth      6%         N/A       71%         4
 Irradiate                Conj/Tmut      2%         3d14      98%         5
 Metabolic Englaciation   Hex/Ice        2%         N/A       98%         5
 Simulacrum               Ice/Necr       2%         N/A       100%        6


Dungeon Overview and Level Annotations

Branches:
Dungeon (3/15)              Sewer (visited)

Altars:
Qazlal
Sif Muna

Shops:
D:3 [

Annotations:
D:3 Grinder


Innate Abilities, Weirdness & Mutations

You have very sharp teeth.
Your uncanny sense of smell can sniff out nearby items.
Your experience applies equally to all skills.


Message History

Grinder hits you!
You completely miss Grinder.
Grinder is lightly wounded.
Grinder barely misses you.
You hit Grinder but do no damage. Your bite misses Grinder.
Grinder is lightly wounded.
Grinder hits you.
You writhe in agony.
You hit Grinder.
Grinder is moderately wounded.
Grinder closely misses you.
You closely miss Grinder.
Grinder is moderately wounded.
Grinder blinks!
You hit the quokka.
The quokka is poisoned.
Your bite misses the quokka.
The quokka is lightly wounded.
The quokka misses you. Grinder hits you.
You writhe in agony.
You hit Grinder.
Grinder is moderately wounded.
The quokka misses you. Grinder closely misses you.
You hit Grinder. You bite Grinder, but do no damage.
Grinder is moderately wounded.
The quokka bites you. Grinder gestures at you. Pain shoots through your body!
You hit Grinder.
Grinder is heavily wounded.
The quokka bites you but does no damage.
Grinder gestures at you.
You suddenly lose the ability to move!
The quokka bites you but does no damage.
You kill the quokka!
Grinder barely misses you. Grinder hits you.
* * * LOW HITPOINT WARNING * * *
You writhe in agony.
* * * LOW HITPOINT WARNING * * *
Grinder hits you.
* * * LOW HITPOINT WARNING * * *
You writhe in agony.
You die...

# #....≈≈≈§≈.# #
#..).≈≈≈≈≈.####
#.##..○........
####.###...#######
..........##
#.#######.# #.# #.#
#.# #.#
######@#######.###.#
......5.....†.......#
#####################


You could see Grinder (poisoned).

Vanquished Creatures
  An orc wizard (D:3)
  A hell rat (Sewer)
  Natasha (D:2)
  6 adders
  3 river rats (Sewer)
  2 worms (D:3)
  3 dart slugs
  5 orcs (D:2)
  5 ball pythons
  A bat (D:1)
  5 endoplasms
  4 giant cockroaches
  4 goblins
  6 hobgoblins
  7 quokkas
  7 frilled lizards
  3 kobolds
  11 rats
75 creatures vanquished.

Notes
Turn   | Place    | Note
-------+----------+-------------------------------------------
     0 | D:1      | Reached skill level 10 in Crossbows
     0 | D:1      | ragingrage the Gnoll Wanderer began the quest for the Orb.
     0 | D:1      | ragingrage set off with the following items: a +2 hand
                  | crossbow, 20 bolts, a +0 cloak, 31 stones, a +0 robe; and
                  | the following spell memorised: Sandblast; and the following
                  | spells available to memorise: Stone Arrow
     0 | D:1      | Reached XP level 1. HP: 13/13 MP: 4/4
   121 | D:1      | Reached XP level 2. HP: 19/19 MP: 3/5
  1219 | D:2      | Reached XP level 3. HP: 25/25 MP: 7/7
  1294 | D:2      | Reached skill level 1 in Invocations
  1633 | D:2      | Reached skill level 1 in Fighting
  1633 | D:2      | Reached skill level 1 in Short Blades
  1633 | D:2      | Reached skill level 1 in Long Blades
  1633 | D:2      | Reached skill level 1 in Axes
  1633 | D:2      | Reached skill level 1 in Maces & Flails
  1633 | D:2      | Reached skill level 1 in Polearms
  1633 | D:2      | Reached skill level 1 in Staves
  1633 | D:2      | Reached skill level 1 in Slings
  1633 | D:2      | Reached skill level 1 in Bows
  1633 | D:2      | Reached skill level 1 in Throwing
  1633 | D:2      | Reached skill level 1 in Stealth
  1633 | D:2      | Reached skill level 1 in Shields
  1633 | D:2      | Reached skill level 1 in Unarmed Combat
  1633 | D:2      | Reached skill level 1 in Evocations
  1649 | D:2      | Reached XP level 4. HP: 17/32 MP: 8/8
  1942 | D:2      | Found a faded altar of an unknown god.
  2209 | D:2      | Noticed Natasha
  2215 | D:2      | Reached skill level 1 in Conjurations
  2215 | D:2      | Reached skill level 1 in Hexes
  2215 | D:2      | Reached skill level 1 in Summonings
  2215 | D:2      | Reached skill level 1 in Necromancy
  2215 | D:2      | Reached skill level 1 in Translocations
  2215 | D:2      | Reached skill level 1 in Transmutations
  2215 | D:2      | Reached skill level 1 in Fire Magic
  2215 | D:2      | Reached skill level 1 in Ice Magic
  2215 | D:2      | Reached skill level 1 in Air Magic
  2215 | D:2      | Reached skill level 1 in Poison Magic
  2215 | D:2      | Killed Natasha
  2456 | D:3      | Found Loqi's Armour Emporium.
  2580 | D:2      | Reached XP level 5. HP: 31/37 MP: 9/9
  2987 | D:3      | Found a stormy altar of Qazlal.
  3096 | D:3      | Found a glowing drain.
  3119 | Sewer    | Entered a sewer
  3398 | Sewer    | Reached XP level 6. HP: 9/41 MP: 10/10
  3960 | D:3      | Found a shimmering blue altar of Sif Muna.
  4003 | D:3      | Noticed Grinder
  4015 | D:3      | Paralysed by Grinder for 6 turns
  4018 | D:3      | Slain by Grinder

Illustrated notes

Levels and vault maps discovered:
D:1:      lightli_arrival_windingriver, layout_rooms, serial_co_window_serial,
          co_window_paths_a, co_window_of_opportunity_a,
          co_window_of_opportunity_a, co_window_of_opportunity_a,
          co_window_paths_b, co_window_paths_b, co_window_corner_a,
          co_window_2corner, co_window_corner_b, co_window_broadway_b,
          co_window_corner_b, co_window_paths_c, co_window_2corner
D:2:      minmay_thinvault, layout_basic, basic_ecumenical_altar, uniq_natasha
D:3:      layout_loops_ring, nicolae_sif_muna_condensation,
          grunt_qazlal_sundering, gup_sewer_entry_spiral, serial_shops,
          nicolae_shop_waterfront, st_stairs_6, wad_floor_pattern_untrapped,
          uniq_grinder

Skill      XL: |  1  2  3  4  5 |
---------------+----------------+-----
Crossbows      | | 10.6
Earth Magic    | 2 |  2.5
Invocations    | 1 2 |  2.0
Fighting       | 1 |  1.8
Short Blades   | 1 |  1.8
Long Blades    | 1 |  1.8
Axes           | 1 |  1.8
Maces & Flails | 1 |  1.8
Polearms       | 1 |  1.8
Staves         | 1 |  1.8
Slings         | 1 |  1.8
Bows           | 1 |  1.8
Throwing       | 1 |  1.8
Stealth        | 1 |  1.8
Shields        | 1 |  1.8
Unarmed Combat | 1 |  1.8
Evocations     | 1 |  1.8
Spellcasting   | 3 |  3.3
Conjurations   | 1 |  1.4
Hexes          | 1 |  1.4
Summonings     | 1 |  1.4
Necromancy     | 1 |  1.4
Translocations | 1 |  1.4
Transmutations | 1 |  1.4
Fire Magic     | 1 |  1.4
Ice Magic      | 1 |  1.4
Air Magic      | 1 |  1.4
Poison Magic   | 1 |  1.4
Armour         | 3 |  3.1
Dodging        | |  4.9

Action                   |  1- 3 |  4- 6 || total
-------------------------+-------+-------++-------
Melee: Spear             |     8 |    26 ||    34
       Dagger            |       |   111 ||   111
       Bite              |       |    16 ||    16
       Punch             |       |     1 ||     1
 Fire: Hand crossbow     |    33 |    35 ||    68
 Cast: Sandblast         |    13 |     4 ||    17
  Use: Potion            |       |     2 ||     2
 Stab: Sleeping          |       |     2 ||     2
Armor: Robe              |     3 |    39 ||    42
Dodge: Dodged            |    18 |    91 ||   109

Table legend: (Time is in decaauts)
 A = Elapsed time spent in this place.
 B = Non-inter-level travel time spent in this place.
 C = Inter-level travel time spent in this place.
 D = Time resting spent in this place.
 E = Time spent auto-exploring this place.
 F = Levels seen in this place.
 G = Mean time per level.
                   A        B        C        D        E       F      G
               +--------+--------+--------+--------+--------+-----+--------+
         Total |   4062 |   3990 |     72 |   1095 |   2199 |   4 | 1015.5 |
       Dungeon |   3495 |   3423 |     72 |    661 |   2154 |   3 | 1165.0 |
         Sewer |    567 |    567 |      0 |    434 |     45 |   1 |  567.0 |
               +--------+--------+--------+--------+--------+-----+--------+

Top non-repeatable levels by time:
     D:2: 1598 daAuts
     D:1: 1214 daAuts
     D:3: 682 daAuts
   Sewer: 567 daAuts
